 Dungeon Crawl Stone Soup version 0.23-a0-550-g7de1f8e (webtiles) character file.

220 Lanoc the Chopper (level 5, -19/70 HPs)
             Began as a Hill Orc Monk on Dec 8, 2018.
             Was an Initiate of Beogh.
             Demolished by an ogre
             ... wielding a +0 giant club
              (29 damage)
             ... on level 3 of the Dungeon.
             The game lasted 00:07:06 (2841 turns).

Lanoc the Chopper (Hill Orc Monk)                   Turns: 2841, Time: 00:07:07

Health: -19/70     AC:  3    Str: 20    XL:     5   Next: 97%
Magic:  5/5        EV: 13    Int: 10    God:    Beogh [......]
Gold:   156        SH:  0    Dex: 13    Spells: 4/4 levels left

rFire    . . .     SeeInvis .   a - +0 hand axe
rCold    . . .     Gourm    .   (no shield)
rNeg     + . .     Faith    .   k - +0 robe {rN+}
rPois    .         Spirit   .   (no helmet)
rElec    .         Reflect  .   n - scarf {cloud immunity}
rCorr    .         Harm     .   d - +0 pair of gloves
MR       .....                  (no boots)
Stlth    ..........             (no amulet)
HPRegen  0.21/turn              (no ring)
MPRegen  0.09/turn              (no ring)

@: berserking, very quick
A: no striking features
a: Renounce Religion


You were on level 3 of the Dungeon.
You worshipped Beogh.
Beogh was noncommittal.
You were not hungry.

You visited 1 branch of the dungeon, and saw 4 of its levels.

You collected 156 gold pieces.

Inventory:

Hand Weapons
 a - a +0 hand axe (weapon)
Missiles
 f - 94 arrows
Armour
 d - a +0 pair of gloves (worn)
 k - a +0 robe of positive energy (worn)
 n - a scarf of cloud immunity (worn)
Wands
 p - a wand of iceblast (11)
 s - a wand of digging (5)
Scrolls
 b - a scroll of identify {unknown}
 e - a scroll of magic mapping {unknown}
 j - 2 scrolls of amnesia {unknown}
 l - 2 scrolls of teleportation {unknown}
 o - a scroll of blinking {unknown}
 t - a scroll of enchant armour {unknown}
Potions
 g - a potion of mutation {unknown}
 h - a potion of berserk rage
 i - a potion of might {unknown}
 m - a potion of resistance {unknown}
 q - 3 potions of curing {unknown}
 r - a potion of heal wounds {unknown}
 u - a potion of ambrosia {unknown}
Comestibles
 c - 3 rations
 v - a chunk of flesh


   Skills:
 + Level 4.9 Fighting
 * Level 6.6 Axes
 + Level 2.8 Armour
 - Level 2.4 Dodging
 - Level 1.5 Stealth


You had 4 spell levels left.
You didn't know any spells.
Your spell library contained the following spells:

 Spells                   Type           Power        Failure   Level  Hunger
 Magic Dart               Conj           #...         36%         1    ##.....
 Searing Ray              Conj           #.....       50%         2    ###....
 Dazzling Spray           Conj/Hex       #.....       75%         3    ####...
 Force Lance              Conj/Tloc      #.......     98%         4    #####..
 Fulminant Prism          Conj/Hex       #.........   98%         4    #####..
 Iskenderun's Mystic Bla  Conj           #.......     98%         4    #####..


Dungeon Overview and Level Annotations

Branches:
Dungeon (4/15)
 Temple: D:4-7

Altars:
Sif Muna
Xom


Message History

You hit the worker ant.
The ogre hits you with a +0 giant club!!
Ouch! That really hurt!
The worker ant misses you.
You are too injured to fight recklessly!
There is a stone staircase leading up here.
The ogre hits you with a +0 giant club!
* * * LOW HITPOINT WARNING * * *
You climb upwards.
There is a stone staircase leading down here.
The ogre barely misses you.
Xom makes a sudden noise!
You hear a distant "Zot"!
You see here a +0 club. "Time to have some fun!"
It was a potion of berserk rage.
A red film seems to cover your vision as you go berserk!
You feel yourself moving faster!
You feel mighty!
The ogre hits you with a +0 giant club!!
You die...
Xom chuckles heartily!

..##.####..#................##.##
..##.####..#.##..................
............................##...
.#.#.......#.##...........#.##.##
.................................
.#.#...#####.##.#.........#.##.##
.............##545...............
.......#####..555#5.#...#.#.#####
.#.#.........o.5@O5.#.#.#....# #
......).......5#.#4.#.#.###..# #
.......[.......#5#.##.#.###..####
##.#.......oo..#..........#......
##.#...........#...##..<.)#.#####
...............#...##.....###
...#.........)......#.....#
####.##........#....#.....#
#.##........####.#รท###########


You could see a rust devil, a chaos spawn, an ogre, 5 quasits, a crimson imp, 2
white imps, a shadow imp, an ufetubus, a neutral orc priest (wandering), a
neutral orc wizard (wandering) and a neutral orc (wandering).

Vanquished Creatures
  An orc priest (D:3)
  Natasha (thrice) (D:2)
  3 adders
  An ooze (D:1)
  A worm (D:2)
  A dart slug (D:1)
  3 leopard geckos
  11 orcs (D:3)
  A giant cockroach (D:1)
  10 goblins
  4 hobgoblins
  3 jackals (D:2)
  7 kobolds
  A quokka (D:3)
  2 ball pythons (D:3)
  8 bats
  2 frilled lizards (D:3)
  4 rats
66 creatures vanquished.

Vanquished Creatures (others)
  An adder (D:3)
1 creature vanquished.

Grand Total: 67 creatures vanquished

Notes
Turn   | Place    | Note
-------+----------+-------------------------------------------
     0 | D:1      | Lanoc the Hill Orc Monk began the quest for the Orb.
     0 | D:1      | Reached XP level 1. HP: 19/19 MP: 1/1
    30 | D:1      | Reached XP level 2. HP: 25/27 MP: 2/2
    94 | D:1      | Reached skill level 1 in Armour
   303 | D:1      | Reached XP level 3. HP: 12/33 MP: 3/3
   586 | D:2      | Noticed Natasha
   593 | D:2      | Killed Natasha
   593 | D:2      | Reached skill level 5 in Axes
   612 | D:2      | Reached XP level 4. HP: 10/40 MP: 4/4
   892 | D:2      | Found a faded altar of an unknown god.
  1009 | D:2      | Became a worshipper of Xom of Chaos
  1151 | D:2      | Noticed Natasha
  1318 | D:2      | Killed Natasha
  1600 | D:2      | Found a deep blue altar of Sif Muna.
  1636 | D:2      | Reached XP level 5. HP: 47/47 MP: 5/5
  1708 | D:2      | XOM: divination: magic mapping
  1717 | D:2      | Noticed Natasha
  1725 | D:2      | Killed Natasha
  1725 | D:2      | Reached skill level 6 in Axes
  2183 | D:3      | Fell from the grace of Xom
  2183 | D:3      | Became a worshipper of Beogh the Brigand
  2801 | D:4      | Noticed an ogre
  2822 | D:3      | XOM: noise
  2840 | D:3      | XOM: summons 12 hostile demons
  2841 | D:3      | Noticed a chaos spawn
  2841 | D:3      | Noticed a rust devil
  2841 | D:3      | Demolished by an ogre

Vault maps used:
D:1:      nzn_arrival_water_spiral, hex_tiny
D:2:      minmay_door_path, marbit_many_paths, chequers_ecumenical_altar_simple,
          uniq_natasha
D:4:      minmay_temple_entry_large_hall

Skill      XL: |  1  2  3  4  5 |
---------------+----------------+-----
Armour         | 1 2 |  2.8
Fighting       | 4 |  4.9
Axes           | 5 6 |  6.6
Dodging        | |  2.4
Stealth        | |  1.5

Action                   |  1- 3 |  4- 6 || total
-------------------------+-------+-------++-------
Melee: Hand axe          |    85 |   188 ||   273
Invok: Convert to Beogh  |       |     1 ||     1
  Use: Potion            |       |     1 ||     1
 Stab: Sleeping          |     4 |     3 ||     7
  Eat: Chunk             |       |     6 ||     6
Armor: Robe              |    12 |    26 ||    38
Dodge: Dodged            |    65 |   105 ||   170

Table legend:
 A = Non-vault XP
 B = Vault XP
 C = Vault XP percentage of total XP
 D = Non-vault monster count
 E = Vault monster count
 F = Vault count percentage of total count
                 A         B        C        D         E       F
            +---------+---------+-------+---------+---------+-------
      Total |     264 |      51 |  16.2 |      62 |       4 |   6.1
            +---------+---------+-------+---------+---------+-------
        D:1 |      43 |       0 |   0.0 |      19 |       0 |   0.0
        D:2 |     116 |      51 |  30.5 |      19 |       4 |  17.4
        D:3 |     105 |       0 |   0.0 |      24 |       0 |   0.0
            +---------+---------+-------+---------+---------+-------
